| TOP OF THE 1ST |
|
Kansas City Royals batting - Pitching for Chicago White Sox : RHP Dave Rozema
|
|
Pitching: RHP Dave Rozema
|
|
|
Batting: RHB Rickey Henderson
|
0-0: Called Strike 0-1: Swinging Strike 0-2: Ball 1-2: Ground out 4-3 (Groundball, 4, EV 92.5 MPH)
|
|
Batting: LHB Gene Richards
|
0-0: Ball 1-0: Swinging Strike 1-1: Ball 2-1: Ball 3-1: Called Strike 3-2: Fly out, F9 (Line Drive, 9, EV 98.8 MPH)
|
|
Batting: RHB Bob Horner
|
0-0: Ball 1-0: Ball 2-0: SOLO HOME RUN (Flyball, 7D, EV 89.4 MPH), Distance : 397 ft
|
|
Batting: RHB Gary Carter
|
0-0: Ball 1-0: SINGLE (Line Drive, 8RS, EV 103.8 MPH)
|
|
Batting: RHB Lloyd McClendon
|
0-0: Fielders Choice at 2nd, 5-4 (Groundball, 56, EV 87.5 MPH)
|
| Top of the 1st over - 1 run, 2 hits, 0 errors, 1 left on base; Kansas City 1 - Chicago 0 |
| BOTTOM OF THE 1ST |
|
Chicago White Sox batting - Pitching for Kansas City Royals : LHP Dave LaPoint
|
|
Pitching: LHP Dave LaPoint
|
|
|
Batting: SHB Dwayne Taggart
|
0-0: SINGLE (Line Drive, 6M, EV 106.3 MPH)
|
|
Batting: LHB Rudy Law
|
0-0: Ball 1-0: Foul Ball, location: 2F 1-1: Sac Bunt to 2R - play at first, batter OUT! 2-3 Dwayne Taggart to second
|
|
Batting: RHB Mike Heath
|
0-0: Ball 1-0: Ball 2-0: Called Strike 2-1: Foul Ball, location: 2F 2-2: SINGLE (Groundball, 56S, EV 63.1 MPH) (infield hit) Dwayne Taggart to third
|
|
Batting: RHB Tim Teufel
|
0-0: Ball 1-0: Ball Mike Heath steals 2nd base (no throw) 2-0: Ball 3-0: Base on Balls
|
|
Batting: RHB Jim Wynn
|
0-0: Called Strike 0-1: Swinging Strike 0-2: Ball 1-2: Foul Ball, location: 2F 1-2: Grounds into double play, U5-3 (Groundball, 5L, EV 89.4 MPH)
|
| Bottom of the 1st over - 0 runs, 2 hits, 0 errors, 2 left on base; Kansas City 1 - Chicago 0 |
| TOP OF THE 2ND |
|
Kansas City Royals batting - Pitching for Chicago White Sox : RHP Dave Rozema
|
|
Batting: RHB Jeffrey Leonard
|
0-0: Ball 1-0: Ball 2-0: Foul Ball, location: 2F 2-1: Ball 3-1: SOLO HOME RUN (Flyball, 78XD, EV 89.4 MPH), Distance : 424 ft
|
|
Batting: LHB Rick Manning
|
0-0: Ball 1-0: Ball 2-0: Called Strike 2-1: Ball 3-1: Foul Ball, location: 2F 3-2: Base on Balls
|
|
Batting: LHB Alvin Davis
|
0-0: Ball 1-0: Fly out, F6 (Flyball, 56D, EV 90.0 MPH)
|
|
Batting: LHB Brad Mills
|
0-0: Called Strike 0-1: Foul Ball, location: 2F 0-2: Ball 1-2: Grounds into double play, 4-6-3 (Groundball, 34D, EV 84.4 MPH)
|
| Top of the 2nd over - 1 run, 1 hit, 0 errors, 0 left on base; Kansas City 2 - Chicago 0 |
| BOTTOM OF THE 2ND |
|
Chicago White Sox batting - Pitching for Kansas City Royals : LHP Dave LaPoint
|
|
Batting: LHB Ryan MacFarland
|
0-0: Ball 1-0: Ground out 3-1 (Groundball, 34S, EV 83.1 MPH)
|
|
Batting: RHB Mike A Marshall
|
0-0: Ball 1-0: Ball 2-0: Fly out, F7 (Flyball, 7LS, EV 83.1 MPH)
|
|
Batting: LHB Mitchell Page
|
0-0: Ball 1-0: Ground out 6-3 (Groundball, 6, EV 84.4 MPH)
|
| Bottom of the 2nd over - 0 runs, 0 hits, 0 errors, 0 left on base; Kansas City 2 - Chicago 0 |
| TOP OF THE 3RD |
|
Kansas City Royals batting - Pitching for Chicago White Sox : RHP Dave Rozema
|
|
Batting: RHB Rickey Henderson
|
0-0: Ball 1-0: Foul Ball, location: 2F 1-1: Foul Ball, location: 2F 1-2: Ball 2-2: Foul Ball, location: 2F 2-2: Foul Ball, location: 2F 2-2: SINGLE (Line Drive, 78S, EV 94.4 MPH)
|
|
Batting: LHB Gene Richards
|
0-0: SINGLE (Line Drive, 78S, EV 101.9 MPH) Rickey Henderson to second Runner from 2nd tries for 3rd, SAFE, no throw by LF
|
|
Batting: RHB Bob Horner
|
0-0: Called Strike 0-1: Foul Ball, location: 2F 0-2: Ground out 4-3 (Groundball, 13, EV 80.6 MPH) Rickey Henderson scores Gene Richards to second
|
|
Batting: RHB Gary Carter
|
0-0: Ground out 5-3 (Groundball, 5, EV 95.0 MPH)
|
|
Batting: RHB Lloyd McClendon
|
0-0: Foul Ball, location: 2F 0-1: Swinging Strike 0-2: Strikes out looking
|
| Top of the 3rd over - 1 run, 2 hits, 0 errors, 1 left on base; Kansas City 3 - Chicago 0 |
| BOTTOM OF THE 3RD |
|
Chicago White Sox batting - Pitching for Kansas City Royals : LHP Dave LaPoint
|
|
Batting: RHB Brian Harper
|
0-0: SINGLE (Line Drive, 6MD, EV 103.1 MPH)
|
|
Batting: SHB Dwayne Taggart
|
0-0: Grounds into double play, 6-4-3 (Groundball, 6, EV 99.4 MPH)
|
|
Batting: LHB Rudy Law
|
0-0: Ball 1-0: Called Strike 1-1: Swinging Strike 1-2: SINGLE (Groundball, 3D, EV 99.4 MPH)
|
|
Batting: RHB Mike Heath
|
0-0: Ball 1-0: Called Strike 1-1: SINGLE (Groundball, 6MD, EV 104.4 MPH) Rudy Law to second Runner from 2nd tries for 3rd, SAFE, no throw by CF
|
|
Batting: RHB Tim Teufel
|
0-0: Ball 1-0: Fly out, F8 (Flyball, 8LS, EV 71.9 MPH)
|
| Bottom of the 3rd over - 0 runs, 3 hits, 0 errors, 2 left on base; Kansas City 3 - Chicago 0 |
| TOP OF THE 4TH |
|
Kansas City Royals batting - Pitching for Chicago White Sox : RHP Dave Rozema
|
|
Batting: RHB Jeffrey Leonard
|
0-0: Ball 1-0: Called Strike 1-1: Called Strike 1-2: Ball 2-2: Ball 3-2: Ground out 6-3 (Groundball, 6, EV 78.1 MPH)
|
|
Batting: LHB Rick Manning
|
0-0: Called Strike 0-1: Ball 1-1: Ball 2-1: Foul Ball, location: 2F 2-2: Strikes out swinging
|
|
Batting: LHB Alvin Davis
|
0-0: Fly out, F7 (Flyball, 7LS, EV 89.4 MPH)
|
| Top of the 4th over - 0 runs, 0 hits, 0 errors, 0 left on base; Kansas City 3 - Chicago 0 |
| BOTTOM OF THE 4TH |
|
Chicago White Sox batting - Pitching for Kansas City Royals : LHP Dave LaPoint
|
|
Batting: RHB Jim Wynn
|
0-0: Fly out, F7 (Flyball, 78S, EV 93.8 MPH)
|
|
Batting: LHB Ryan MacFarland
|
0-0: Called Strike 0-1: Ball 1-1: Ball 2-1: Fly out, F8 (Flyball, 8LXD, EV 108.1 MPH)
|
|
Batting: RHB Mike A Marshall
|
0-0: Fly out, F8 (Flyball, 8RM, EV 88.1 MPH)
|
| Bottom of the 4th over - 0 runs, 0 hits, 0 errors, 0 left on base; Kansas City 3 - Chicago 0 |
| TOP OF THE 5TH |
|
Kansas City Royals batting - Pitching for Chicago White Sox : RHP Dave Rozema
|
|
Pitching: RHP Win Remmerswaal
|
|
|
Batting: LHB Brad Mills
|
0-0: Ball 1-0: SINGLE (Groundball, 6MD, EV 110.0 MPH)
|
|
Batting: RHB Rickey Henderson
|
0-0: Ball 1-0: Ball 2-0: Called Strike 2-1: Foul Ball, location: 2F 2-2: SINGLE (Groundball, 4MD, EV 108.8 MPH) Brad Mills to second Runner from 2nd tries for 3rd, SAFE, no throw by CF
|
|
Batting: LHB Gene Richards
|
0-0: Fielders Choice at 2nd, 4-6 (Groundball, 4D, EV 103.8 MPH) Brad Mills scores
|
|
Batting: RHB Bob Horner
|
0-0: Called Strike 0-1: Swinging Strike 0-2: Strikes out swinging
|
|
Batting: RHB Gary Carter
|
0-0: Foul Ball, location: 2F 0-1: Ball 1-1: Ground out 4-3 (Groundball, 4MD, EV 98.1 MPH)
|
| Top of the 5th over - 1 run, 2 hits, 0 errors, 1 left on base; Kansas City 4 - Chicago 0 |
| BOTTOM OF THE 5TH |
|
Chicago White Sox batting - Pitching for Kansas City Royals : LHP Dave LaPoint
|
|
Pitching: RHP Tom Tellmann
|
|
|
Batting: LHB Mitchell Page
|
0-0: Ground out 4-3 (Groundball, 4MS, EV 80.6 MPH)
|
|
Batting: RHB Brian Harper
|
0-0: Foul Ball, location: 2F 0-1: Ball 1-1: Ground out 5-3 (Groundball, 5, EV 87.5 MPH)
|
|
Batting: SHB Dwayne Taggart
|
0-0: Swinging Strike 0-1: Ground out 6-3 (Groundball, 6, EV 79.4 MPH)
|
| Bottom of the 5th over - 0 runs, 0 hits, 0 errors, 0 left on base; Kansas City 4 - Chicago 0 |
| TOP OF THE 6TH |
|
Kansas City Royals batting - Pitching for Chicago White Sox : RHP Win Remmerswaal
|
|
Batting: RHB Lloyd McClendon
|
0-0: Swinging Strike 0-1: Foul Ball, location: 2F 0-2: Strikes out swinging
|
|
Batting: RHB Jeffrey Leonard
|
0-0: Swinging Strike 0-1: Called Strike 0-2: Ball 1-2: Ball 2-2: Ball 3-2: SINGLE (Groundball, 34D, EV 94.4 MPH)
|
|
Batting: LHB Rick Manning
|
0-0: Ball 1-0: Ball 2-0: Ball 3-0: Base on Balls Jeffrey Leonard to second
|
|
Pitching: RHP Dickie Noles
|
|
|
Batting: LHB Alvin Davis
|
0-0: Called Strike 0-1: Ball 1-1: Foul Ball, location: 2F 1-2: Foul Ball, location: 2F 1-2: Ball 2-2: Ball 3-2: SINGLE (Line Drive, 9S, EV 101.9 MPH) Jeffrey Leonard to third Rick Manning to second Runner from 3rd tries for Home, SAFE, throw by RF to home
|
|
Batting: LHB Brad Mills
|
0-0: Ball 1-0: Fielders Choice at 2nd, 3-6 (Groundball, 34, EV 91.9 MPH) Rick Manning to third
|
|
Pinch Hitting: LHB Kerry Dineen
|
0-0: Called Strike 0-1: Ball 1-1: Ball 2-1: Ball 3-1: Foul Ball, location: 2F 3-2: Ground out 4-3 (Groundball, 4M, EV 81.9 MPH)
|
| Top of the 6th over - 1 run, 2 hits, 0 errors, 2 left on base; Kansas City 5 - Chicago 0 |
| BOTTOM OF THE 6TH |
|
Chicago White Sox batting - Pitching for Kansas City Royals : RHP Tom Tellmann
|
|
Now in CF: Kerry Dineen
|
|
|
Batting: LHB Rudy Law
|
0-0: Ball 1-0: Ground out 4-3 (Groundball, 4, EV 103.8 MPH)
|
|
Batting: RHB Mike Heath
|
0-0: Called Strike 0-1: Ball 1-1: Ball 2-1: Fly out, F8 (Flyball, 8RD, EV 93.8 MPH)
|
|
Batting: RHB Tim Teufel
|
0-0: Called Strike 0-1: Foul Ball, location: 2F 0-2: Ball 1-2: Strikes out looking
|
| Bottom of the 6th over - 0 runs, 0 hits, 0 errors, 0 left on base; Kansas City 5 - Chicago 0 |
| TOP OF THE 7TH |
|
Kansas City Royals batting - Pitching for Chicago White Sox : RHP Dickie Noles
|
|
Pinch Hitting: LHB Jim Eisenreich
|
0-0: Fly out, F6 (Flyball, 56D, EV 90.6 MPH)
|
|
Pinch Hitting: RHB Eddie Gates
|
0-0: Ball 1-0: Foul Ball, location: 2F 1-1: Foul Ball, location: 2F 1-2: Strikes out swinging
|
|
Pinch Hitting: RHB Al Minker
|
0-0: Ball 1-0: Called Strike 1-1: Ball 2-1: SINGLE (Groundball, 6MD, EV 99.4 MPH)
|
|
Batting: RHB Lloyd McClendon
|
0-0: Ball 1-0: Ball 2-0: Called Strike 2-1: Called Strike 2-2: Foul Ball, location: 2F 2-2: Foul Ball, location: 2F 2-2: Foul Ball, location: 2F 2-2: Ground out U3 (Groundball, 3, EV 86.3 MPH)
|
| Top of the 7th over - 0 runs, 1 hit, 0 errors, 1 left on base; Kansas City 5 - Chicago 0 |
| BOTTOM OF THE 7TH |
|
Chicago White Sox batting - Pitching for Kansas City Royals : RHP Tom Tellmann
|
|
Now at 1B: Al Minker
|
|
|
Now at 3B: Eddie Gates
|
|
|
Now in RF: Jim Eisenreich
|
|
|
Batting: RHB Jim Wynn
|
0-0: Ball 1-0: Called Strike 1-1: Foul Ball, location: 2F 1-2: Ground out 5-3 (Groundball, 25, EV 68.1 MPH)
|
|
Batting: LHB Ryan MacFarland
|
0-0: Ground out U3 (Groundball, 3L, EV 76.9 MPH)
|
|
Batting: RHB Mike A Marshall
|
0-0: Ball 1-0: Ball 2-0: Called Strike 2-1: SINGLE (Groundball, 4M, EV 110.0 MPH) (infield hit)
|
|
Batting: LHB Mitchell Page
|
0-0: Called Strike 0-1: Ground out 6-3 (Groundball, 6M, EV 81.9 MPH)
|
| Bottom of the 7th over - 0 runs, 1 hit, 0 errors, 1 left on base; Kansas City 5 - Chicago 0 |
| TOP OF THE 8TH |
|
Kansas City Royals batting - Pitching for Chicago White Sox : RHP Dickie Noles
|
|
Pinch Hitting: RHB Charlie O'Brien
|
0-0: Ball 1-0: Foul Ball, location: 2F 1-1: Ball 2-1: Swinging Strike 2-2: Foul Ball, location: 2F 2-2: DOUBLE (Groundball, 5L, EV 105.6 MPH)
|
|
Pitching: RHP Mark Littell
|
|
|
Pinch Hitting: RHB Alberto Gonzalez
|
0-0: Foul Ball, location: 2F 0-1: Ball 1-1: Ball 2-1: Foul Ball, location: 2F 2-2: Ground out U3 (Groundball, 3, EV 83.8 MPH) Charlie O'Brien to third
|
|
Batting: RHB Cesare Pierpaoli
|
0-0: Swinging Strike 0-1: Foul Ball, location: 2F 0-2: Ball 1-2: Ball 2-2: Ground out 4-3 (Groundball, 4, EV 108.1 MPH) Charlie O'Brien scores
|
|
Pinch Hitting: RHB Adrian Monrreal
|
0-0: Ball 1-0: Foul Ball, location: 2F 1-1: Fly out, F7 (Line Drive, 7, EV 92.5 MPH)
|
| Top of the 8th over - 1 run, 1 hit, 0 errors, 0 left on base; Kansas City 6 - Chicago 0 |
| BOTTOM OF THE 8TH |
|
Chicago White Sox batting - Pitching for Kansas City Royals : RHP Tom Tellmann
|
|
Now at 2B: Adrian Monrreal
|
|
|
Now at SS: Alberto Gonzalez
|
|
|
Now in LF: Charlie O'Brien
|
|
|
Batting: RHB Brian Harper
|
0-0: Foul Ball, location: 2F 0-1: Ball 1-1: Ball 2-1: Foul Ball, location: 2F 2-2: Reached on error, E8 (Flyball, 8LD, EV 93.8 MPH)
|
|
Pinch Hitting: RHB Bob Bailey
|
0-0: Ball 1-0: Foul Ball, location: 2F 1-1: Swinging Strike 1-2: Strikes out swinging
|
|
Pitching: RHP Rodolfo Apodaca
|
|
|
Pinch Hitting: SHB Kevin King
|
0-0: Foul Ball, location: 2F 0-1: Ball 1-1: Ball 2-1: Ball 3-1: Fly out, F8 (Flyball, 89XD, EV 92.5 MPH) Runner from 2nd tags up, SAFE at 3rd, no throw by CF
|
|
Pinch Hitting: RHB Jose Castro
|
0-0: Ball 1-0: Called Strike 1-1: Ball 2-1: Ball 3-1: Base on Balls
|
|
Pinch Hitting: SHB Ozzie Smith
|
0-0: Fly out, F8 (Flyball, 8LD, EV 80.6 MPH)
|
| Bottom of the 8th over - 0 runs, 0 hits, 1 error, 2 left on base; Kansas City 6 - Chicago 0 |
| TOP OF THE 9TH |
|
Kansas City Royals batting - Pitching for Chicago White Sox : RHP Mark Littell
|
|
Now at 1B: Bob Bailey
|
|
|
Now at 2B: Ozzie Smith
|
|
|
Now at SS: Jose Castro
|
|
|
Now in CF: Kevin King
|
|
|
Batting: LHB Kerry Dineen
|
0-0: Ball 1-0: Ball 2-0: Called Strike 2-1: Ball 3-1: Swinging Strike 3-2: Strikes out swinging
|
|
Batting: LHB Jim Eisenreich
|
0-0: Ball 1-0: Ball 2-0: Called Strike 2-1: Foul Ball, location: 2F 2-2: Ball 3-2: Foul Ball, location: 2F 3-2: SINGLE (Line Drive, 8LS, EV 90.6 MPH)
|
|
Batting: RHB Eddie Gates
|
0-0: Ball 1-0: Ball 2-0: Called Strike 2-1: Ball 3-1: Base on Balls Jim Eisenreich to second
|
|
Batting: RHB Al Minker
|
0-0: Fielders Choice at 3rd, U5 (Groundball, 5L, EV 82.5 MPH) Eddie Gates to second
|
|
Pinch Hitting: LHB Charles Ross
|
0-0: Foul Ball, location: 2F 0-1: Called Strike 0-2: Foul Ball, location: 2F 0-2: Ball 1-2: Strikes out swinging
|
| Top of the 9th over - 0 runs, 1 hit, 0 errors, 2 left on base; Kansas City 6 - Chicago 0 |
| BOTTOM OF THE 9TH |
|
Chicago White Sox batting - Pitching for Kansas City Royals : RHP Rodolfo Apodaca
|
|
Now at C: Charles Ross
|
|
|
Batting: RHB Brian Downing
|
0-0: Called Strike 0-1: Ball 1-1: Foul Ball, location: 2F 1-2: Ball 2-2: Ball 3-2: Strikes out swinging
|
|
Pinch Hitting: LHB Steve Christmas
|
0-0: Called Strike 0-1: Fly out, F7 (Flyball, 7LD, EV 103.8 MPH)
|
|
Pinch Hitting: RHB Kevin McReynolds
|
0-0: Called Strike 0-1: Foul Ball, location: 2F 0-2: Foul Ball, location: 2F 0-2: Strikes out swinging
|
| Bottom of the 9th over - 0 runs, 0 hits, 0 errors, 0 left on base; Kansas City 6 - Chicago 0 |
|